 Dungeon Crawl Stone Soup version 0.17.1-3-g152610e (webtiles) character file.

17008 Gargoyl the Fighter (level 12, -1/97 HPs)
             Began as a Demonspawn Abyssal Knight on Mar 21, 2016.
             Was the Champion of Lugonu.
             Slain by an ettin
             ... wielding a +0 dire flail of crushing
              (4 damage)
             ... on level 4 of the Orcish Mines.
             The game lasted 00:48:31 (14270 turns).

Gargoyl the Fighter (Demonspawn Abyssal Knight)    Turns: 14270, Time: 00:48:32

Health: -1/97      AC: 22    Str: 21    XL:     12   Next: 15%
Magic:  0/16       EV:  7    Int: 13    God:    Lugonu [******]
Gold:   1237       SH:  9    Dex: 12    Spells: 0 memorised, 11 levels left

rFire  . . .     SeeInvis +     a - +10 mace of Greed {flame, Str+2 Dex-2 SInv}
rCold  . . .     Clarity  .     G - +0 plate armour
rNeg   . . .     SustAt   .     k - +0 shield {reflect}
rPois  .         Gourm    .     O - +1 helmet
rElec  .         Spirit   +     d - +0 cloak
rCorr  .         Warding  .     (gloves unavailable)
rMut   .         Stasis   .     f - +2 pair of boots
MR     .....                    v - amulet of regeneration
Stlth  ..........               (no ring)
                                J - +2 ring of strength

@: not resistant to hostile enchantments, extremely unstealthy
A: claws 3, icy blue scales 1, demonic guardian 1, magic shield, magic
regeneration
a: Depart the Abyss, Bend Space, Banish, Corrupt, Enter the Abyss, Brand Weapon
With Distortion, Renounce Religion


You were on level 4 of the Orcish Mines.
You worshipped Lugonu.
Lugonu was exalted by your worship.
You were not hungry.

You visited 2 branches of the dungeon, and saw 14 of its levels.
You visited the Abyss 1 time.
You also visited: Sewer.

You collected 1423 gold pieces.
You spent 186 gold pieces at shops.

Inventory:

Hand Weapons
 a - the +10 mace of Greed (weapon) {flame, Str+2 Dex-2 SInv}
   (You found it on level 5 of the Dungeon)

   It has been specially enchanted to burn those struck by it, causing extra
   injury to most foes and up to half again as much damage against particularly
   susceptible opponents.
   It affects your strength (+2).
   It affects your dexterity (-2).
   It lets you see invisible.
 s - a +0 war axe of freezing
 y - a +0 war axe
Missiles
 o - 33 tomahawks (quivered)
 p - 11 tomahawks of returning
Armour
 d - a +0 cloak (worn)
 f - a +2 pair of boots (worn)
 k - a +0 shield of reflection (worn)
 G - a +0 plate armour (worn)
 O - a +1 helmet (worn)
Jewellery
 b - a cursed amulet of inaccuracy {unknown}
 v - an amulet of regeneration (around neck)
 C - a cursed ring of teleportation
 E - a +6 ring of dexterity {unknown}
 J - a +2 ring of strength (left claw)
 Q - an uncursed amulet of the gourmand {unknown}
Wands
 m - a wand of fire (8)
 r - a wand of frost (17)
 w - a wand of enslavement (8)
 x - a wand of cold (2)
 D - a wand of random effects (23)
 H - a wand of teleportation (2)
 I - a wand of slowing (25)
 L - a wand of teleportation (0)
 M - a wand of random effects (27)
 R - a wand of paralysis (7)
Scrolls
 e - a scroll of fear
 g - 3 scrolls of identify
 h - 5 scrolls of amnesia
 t - a scroll of fog
 z - a scroll of enchant weapon {unknown}
 A - 3 scrolls of remove curse
Potions
 i - 3 potions of flight
 j - 3 potions of curing
 q - 4 potions of lignification
 u - 3 potions of ambrosia
Comestibles
 c - 7 bread rations
 l - 4 chunks of flesh
 n - 10 meat rations
 B - 6 slices of pizza


   Skills:
 + Level 10.0 Fighting
 + Level 6.1(7.8) Axes
 + Level 7.4(8.4) Maces & Flails
 + Level 1.0 Throwing
 + Level 9.9 Armour
 + Level 6.7 Dodging
 + Level 1.1 Stealth
 + Level 3.6 Shields
 + Level 5.9 Invocations
 + Level 1.1 Evocations


You had 11 spell levels left.
You didn't know any spells.

Dungeon Overview and Level Annotations

Branches:
Dungeon (10/15)            Temple (0/1) D:4            Lair (0/8) D:10
    Orc (4/4) D:10            Elf (0/3) Orc:3

Altars:
Dithmenos
Makhleb
Nemelex Xobeh
Qazlal
Yredelemnul
Zin
The Shining One
Beogh

Shops:
D:5 **(*?   Orc:1 }   Orc:2 [   Orc:4 :

Annotations:
Orc:2 Erolcha


Innate Abilities, Weirdness & Mutations

You have claws for hands.
You are partially covered in icy blue scales (AC +1).
A weak demonic guardian rushes to your aid.
When hurt, damage is shared between your health and your magic reserves.
You regenerate magic rapidly.


Message History

You kill the orc!
Lugonu accepts your kill.
You hit the ettin. You burn the ettin.
The ettin is lightly wounded.
Your crimson imp blinks!
The ettin hits you with a dire flail of crushing!!
You block the ettin's attack.
You barely miss the ettin.
The ettin is lightly wounded.
The orc sorcerer gestures wildly while chanting.
Your crimson imp closely misses the orc knight.
The ettin hits you with a dire flail of crushing!!
The ettin hits you with a dire flail!!
You sock the ettin! You burn the ettin.
The ettin is moderately wounded.
Your crimson imp hits the orc knight but does no damage.
The orc sorcerer gestures wildly while chanting.
The ettin hits you with a dire flail of crushing!!
* * * LOW HITPOINT WARNING * * *
You die...

#.).#.##'##.#
#...#.#†.)#
#+###'##.#...###
.........+._.'.#
######'###...#.#
#..#.....#...#.# ##
).)#..(..#####.# ..###
..))..⌠..# #5###O....#
...#.....# #.§@Coo3...
...#.....# #####o53..#
...####### #### ..###
.........##...# ##
............#
............# ###
............###.##
#......<...###...####
###........##..#....##


You could see an orc knight, an ettin, a two-headed ogre, 2 chaos spawn, 2 orc
sorcerers, a friendly iron imp and a friendly crimson imp.

Vanquished Creatures
  Donald (Orc:2)
  Josephine (Orc:3)
  A hill giant (D:10)
  The ghost of Gargoyl the Skirmisher, a novice DsAK of Lugonu (D:6)
  2 orc knights
  Maurice (Orc:1)
  Joseph (D:9)
  7 trolls
  2 two-headed ogres (Orc:4)
  3 wraiths
  3 yaks (D:9)
  A hippogriff (D:8)
  3 hungry ghosts
  Grum (D:7)
  2 deep elf fighters
  2 wargs
  4 wolves
  Menkaure (D:5)
  2 ice beasts (D:7)
  A necrophage (D:8)
  A sky beast (D:8)
  2 phantoms
  2 wasps
  13 ogres
  30 orc warriors
  2 centaurs
  A big kobold (Sewer)
  A crocodile (D:10)
  2 giant frogs
  A water moccasin zombie (D:6)
  A wyvern skeleton (D:6)
  5 crimson imps
  21 orc priests
  2 centaur skeletons
  A giant frog skeleton (D:9)
  A jelly (D:8)
  3 hounds
  26 orc wizards
  9 worker ants
  Natasha (D:3)
  An iguana (D:9)
  2 hound skeletons
  A worker ant zombie (D:6)
  4 gnolls (D:7)
  8 adders
  5 river rats
  2 shadow imps
  An adder zombie (D:9)
  An ooze (D:3)
  2 adder skeletons (D:6)
  3 worms
  4 giant geckos
  180 orcs
  11 bats
  6 giant cockroaches
  8 hobgoblins
  10 jackals
  3 ball pythons
  A giant gecko zombie (D:6)
  5 giant newts
  18 goblins
  9 kobolds
  3 quokkas
  A quokka skeleton (D:7)
  19 rats
473 creatures vanquished.

Vanquished Creatures (collateral kills)
  A two-headed ogre (Orc:4)
  A yak (D:9)
  An ogre (Orc:4)
  An orc priest (Orc:3)
  A worker ant (D:9)
  8 orcs
13 creatures vanquished.

Vanquished Creatures (others)
  The ghost of juilesy the Grappler, a novice TrMo of Okawaru (D:9)
1 creature vanquished.

Grand Total: 487 creatures vanquished

Notes
Turn   | Place    | Note
--------------------------------------------------------------
     0 | Abyss:1  | Gargoyl the Demonspawn Abyssal Knight began the quest for the Orb.
     0 | Abyss:1  | Reached XP level 1. HP: 18/18 MP: 2/2
     9 | Abyss:1  | Found a corrupted altar of Lugonu.
    36 | Abyss:1  | Found a corrupted altar of Lugonu.
    42 | Abyss:1  | Noticed a neqoxec
    52 | D:1      | Escaped the Abyss
   193 | D:1      | Reached * piety under Lugonu
   193 | D:1      | Reached skill level 1 in Dodging
   213 | D:1      | Gained mutation: You are partially covered in icy blue scales (AC +1). [demonic ancestry]
   213 | D:1      | Reached XP level 2. HP: 10/24 MP: 3/3
  1177 | D:1      | Gained mutation: When hurt, damage is shared between your health and your magic reserves. [demonic ancestry]
  1177 | D:1      | Reached XP level 3. HP: 29/29 MP: 5/5
  1576 | D:2      | Found a sparkling altar of Nemelex Xobeh.
  1642 | D:2      | Found a faded altar to an unknown god.
  1706 | D:2      | Found a glowing golden altar of the Shining One.
  1730 | D:2      | Reached ** piety under Lugonu
  2271 | D:3      | Gained mutation: You have sharp fingernails. [demonic ancestry]
  2271 | D:3      | Reached XP level 4. HP: 36/36 MP: 6/6
  2419 | D:3      | Found a glowing drain.
  2423 | Sewer    | Entered a sewer
  2636 | Sewer    | Noticed a big kobold
  2669 | Sewer    | Killed a big kobold
  2669 | Sewer    | Reached XP level 5. HP: 34/42 MP: 7/7
  2742 | Sewer    | Found a glowing silver altar of Zin.
  2877 | D:3      | Found a shadowy altar of Dithmenos.
  2877 | D:3      | Found a basalt altar of Yredelemnul.
  2901 | D:3      | Reached skill level 4 in Fighting
  2938 | D:3      | Noticed Natasha
  2952 | D:3      | Killed Natasha
  2957 | D:3      | Reached *** piety under Lugonu
  3008 | D:3      | Noticed an ogre
  3041 | D:3      | Killed an ogre
  3041 | D:3      | Gained mutation: You have very sharp fingernails. [demonic ancestry]
  3041 | D:3      | Reached XP level 6. HP: 32/48 MP: 4/8
  4530 | D:4      | Found a staircase to the Ecumenical Temple.
  4652 | D:5      | Entered Level 5 of the Dungeon
  4664 | D:5      | Found Natuoc's General Store.
  4765 | D:5      | Found a burning altar of Makhleb.
  4778 | D:5      | Found a glowing silver altar of Zin.
  4778 | D:5      | Found a stormy altar of Qazlal.
  4816 | D:5      | Bought a +0 war axe for 42 gold pieces
  4863 | D:5      | Found Vael's General Store.
  4866 | D:5      | Bought a potion of curing for 30 gold pieces
  4926 | D:5      | Got a pitted mace
  4927 | D:5      | Identified the +10 mace of Greed {flame, Str+2 Dex-2 SInv} (You found it on level 5 of the Dungeon)
  4980 | D:5      | Found Maerr's Antique Weapon Shoppe.
  4982 | D:5      | Noticed Menkaure
  4989 | D:5      | Killed Menkaure
  4989 | D:5      | Reached XP level 7. HP: 48/55 MP: 7/9
  5170 | D:5      | Found Geyfoheosy's Assorted Antiques.
  5181 | D:5      | Bought a potion of curing for 75 gold pieces
  5323 | D:5      | Found Lokin's Magic Scroll Emporium.
  5341 | D:5      | Reached skill level 5 in Fighting
  5425 | D:5      | Bought a scroll of teleportation for 39 gold pieces
  5716 | D:6      | Noticed Gargoyl's ghost (novice DsAK)
  5743 | D:6      | Killed Gargoyl's ghost
  5743 | D:6      | Reached skill level 1 in Maces & Flails
  5743 | D:6      | Reached XP level 8. HP: 64/64 MP: 3/10
  5838 | D:6      | Reached skill level 5 in Armour
  6032 | D:6      | Noticed a troll
  6041 | D:6      | Reached skill level 6 in Fighting
  6041 | D:6      | Reached skill level 5 in Dodging
  6051 | D:6      | Killed a troll
  6053 | D:6      | Reached **** piety under Lugonu
  6062 | D:6      | HP: 1/65 [ogre/giant club (12)]
  6243 | D:6      | Reached XP level 9. HP: 71/71 MP: 11/11
  6897 | D:7      | Reached skill level 7 in Fighting
  8177 | D:8      | Noticed Grum
  8201 | D:7      | Gained mutation: A weak demonic guardian rushes to your aid. [demonic ancestry]
  8201 | D:7      | Reached XP level 10. HP: 33/80 MP: 5/12
  8297 | D:7      | Killed Grum
  8297 | D:7      | Reached skill level 8 in Fighting
  8391 | D:8      | Reached ***** piety under Lugonu
  8822 | D:9      | Reached skill level 5 in Axes
  8822 | D:9      | Reached skill level 5 in Maces & Flails
  9084 | D:9      | Noticed juilesy's ghost (novice TrMo)
  9086 | D:9      | Noticed Joseph
  9232 | D:9      | HP: 1/82 [juilesy's ghost (18)]
  9240 | D:9      | HP: 4/82 [juilesy's ghost (7)]
  9369 | D:9      | Banished juilesy's ghost
  9424 | D:9      | Killed Joseph
  9575 | D:9      | Reached skill level 1 in Stealth
  9869 | D:10     | Entered Level 10 of the Dungeon
 10168 | D:10     | Noticed a hill giant
 10177 | D:10     | Killed a hill giant
 10177 | D:10     | Reached skill level 9 in Fighting
 10338 | D:10     | Reached skill level 1 in Throwing
 10338 | D:10     | Gained mutation: You have claws for hands. [demonic ancestry]
 10338 | D:10     | Reached XP level 11. HP: 89/89 MP: 11/13
 10436 | D:10     | Found a staircase to the Orcish Mines.
 10642 | D:10     | Found a staircase to the Lair.
 10750 | Orc:1    | Entered Level 1 of the Orcish Mines
 10911 | Orc:1    | Noticed Maurice
 10939 | Orc:1    | Killed Maurice
 10974 | Orc:1    | Reached ****** piety under Lugonu
 11263 | Orc:2    | Found a roughly hewn altar of Beogh.
 11351 | Orc:2    | Reached skill level 1 in Shields
 11521 | Orc:1    | Found Dide's Gadget Emporium.
 11795 | Orc:3    | Noticed Josephine
 11804 | Orc:3    | Killed Josephine
 11881 | Orc:3    | Noticed Donald
 12221 | Orc:2    | Found Uweplo's Antique Armour Shop.
 12358 | Orc:2    | Noticed Erolcha
 12452 | Orc:2    | Killed Donald
 12452 | Orc:2    | Reached skill level 5 in Invocations
 12808 | Orc:4    | Entered Level 4 of the Orcish Mines
 12938 | Orc:4    | Reached skill level 1 in Evocations
 13413 | Orc:4    | Noticed a sun demon
 13417 | Orc:4    | Gained mutation: You regenerate magic rapidly. [demonic ancestry]
 13417 | Orc:4    | Reached XP level 12. HP: 88/97 MP: 13/16
 13440 | Orc:4    | Paralysed by an orc sorcerer for 3 turns
 13836 | Orc:3    | Reached skill level 10 in Fighting
 13934 | Orc:3    | Found a staircase to the Elven Halls.
 14139 | Orc:4    | Found Buba's Book Emporium.
 14230 | Orc:4    | Found a roughly hewn altar of Beogh.
 14265 | Orc:4    | Noticed an ettin
 14270 | Orc:4    | HP: 3/97 [ettin/dire flail of crushing (27)]
 14270 | Orc:4    | Slain by an ettin

Action                   |  1- 3 |  4- 6 |  7- 9 | 10-12 || total
-------------------------+-------+-------+-------+-------++-------
Melee: Hand axe          |   161 |   253 |       |       ||   414
       War axe           |       |     3 |    11 |   248 ||   262
       Mace              |       |     2 |   219 |   592 ||   813
Throw: Tomahawk          |       |       |     3 |     6 ||     9
Invok: Depart the Abyss  |     1 |       |       |       ||     1
       Banish            |       |       |       |    11 ||    11
Evoke: Wand              |       |       |       |     5 ||     5
  Use: Scroll            |     3 |     3 |     3 |    11 ||    20
       Potion            |       |     4 |     4 |    10 ||    18
 Stab: Distracted        |       |       |       |     2 ||     2
  Eat: Chunk             |     3 |     5 |    16 |    24 ||    48
       Fruit             |     4 |       |       |       ||     4
       Bread ration      |       |     1 |       |       ||     1
       Royal jelly       |       |       |       |     1 ||     1
       Beef jerky        |       |       |       |     1 ||     1
       Pizza             |       |       |       |     4 ||     4
